 Dungeon Crawl Stone Soup version 0.28.0-43-g3370ac3207 (webtiles) character file.

Game seed: 13719080181734139052

110 DrunkBamboolord the Skirmisher (level 4, -1/42 HPs)
             Began as a Naga Fighter on Mar 9, 2022.
             Slain by Terence
             ... wielding a +2 flail of protection
              (8 damage)
             ... on level 3 of the Dungeon.
             The game lasted 00:04:34 (2502 turns).

DrunkBamboolord the Skirmisher (Naga Fighter)       Turns: 2502, Time: 00:04:34

Health: -1/42      AC:  6    Str: 20    XL:     4   Next: 91%
Magic:  4/4        EV:  7    Int: 14    God:
Gold:   149        SH:  4    Dex: 11    Spells: 3/3 levels left

rFire   . . .      SeeInvis +   a - +0 trident
rCold   . . .      Faith    .   c - +0 buckler
rNeg    . . .      Spirit   .   b - +0 scale mail
rPois   +          Reflect  .   (no helmet)
rElec   .          Harm     .   h - +0 cloak
rCorr   .          Rampage  .   (no gloves)
Will    .....                   (no barding)
Stlth   ..........              (no amulet)
HPRegen 0.14/turn               k - +6 ring of intelligence
MPRegen 0.09/turn               (no ring)

@: short of breath, very slow
A: AC +1, large, see invisible, deformed body, poison resistance, slowness 2,
spit poison 1, naga tail 1
a: Spit Poison


You were on level 3 of the Dungeon.
You visited 1 branch of the dungeon, and saw 3 of its levels.

You collected 149 gold pieces.

Inventory:

Hand Weapons
 a - a +0 trident (weapon)
Armour
 b - a +0 scale mail (worn)
 c - a +0 buckler (worn)
 h - a +0 cloak (worn)
Jewellery
 k - a +6 ring of intelligence (left hand)
Scrolls
 g - a scroll of brand weapon {unknown}
 i - a scroll of enchant armour {unknown}
 j - a scroll of enchant weapon {unknown}
Potions
 d - a potion of might
 e - a potion of haste {unknown}
 f - a potion of brilliance {unknown}


   Skills:
 * Level 3.5 Fighting
 * Level 3.5 Polearms
 * Level 3.1 Armour
 + Level 0.4 Stealth
 * Level 2.7 Shields


You had 3 spell levels left.
You didn't know any spells.
Your spell library was empty.

Dungeon Overview and Level Annotations

Branches:
Dungeon (3/15)

Altars:

Annotations:
D:3 2 transporters, Terence; joakim's ghost, amateur MiBe


Innate Abilities, Weirdness & Mutations

Your serpentine skin is tough. (AC +1)
You have supernaturally acute eyesight. (SInv)
Armour fits poorly on your strangely shaped body.
Your system is resistant to poisons. (rPois)
You cover ground very slowly.
You can spit poison.
You have a snake-like lower body.


Message History

You hear a shout!
Found 20 stones.
Found a transporter.
A bat comes into view.
A bat is nearby!
Terence the Incautious comes into view.
He is wielding a +2 flail of protection.
Found 9 gold pieces.
Terence shouts!
The bat hits you but does no damage.
Aiming: Spit Poison (1% risk of failure)
Press: ? - help, Q - select action Shift-Dir - straight line, f - bat
Aim: a bat (41% to hit)
The splash of poison hits the bat.
The bat is poisoned.
The bat is severely wounded.
You block the bat's attack.
You hit the bat.
You kill the bat!
There is a transporter landing site here.
You see here a metallic green potion.
You completely miss Terence.
Terence hits you with a +2 flail of protection!
You hit Terence but do no damage. Terence barely misses you.
You closely miss Terence.
You have got your breath back.
Terence barely misses you.
You hit Terence but do no damage.
Terence hits you with a +2 flail of protection!
You hit Terence but do no damage.
Terence hits you with a +2 flail of protection!
You are too injured to fight recklessly!
You block Terence's attack. You block Terence's attack.
Terence hits you with a +2 flail of protection!
* * * LOW HITPOINT WARNING * * *
Aiming: Spit Poison (1% risk of failure)
Press: ? - help, Q - select action Shift-Dir - straight line, f - Terence
Aim: Terence, wielding a +2 flail of protection and wearing a +0 chain mail (70% to hit)
The splash of poison hits Terence.
Terence is poisoned.
Terence is moderately wounded.
Terence hits you with a +2 flail of protection!
You die...

############ #### ###
#.........<# #.. .. . ##
#.########## #.# .# ... .# #.#
###.###.##...#
.#####.###########.............
................@@.....©.©.....
.#####.########################
.# #.# #####W....((....#
.#####.########...#..##...##..#
........).........#.#..#.#.. .#
.......#.######.###.#..#.#..# #
######.#.#### #(# #..##... #.$
...........(###.###.. .©.. ..
).........#.##....#####


You could see Terence (poisoned) and joakim's ghost.

Vanquished Creatures
  3 gnolls
  An adder (D:2)
  3 worms (D:2)
  2 dart slugs
  8 endoplasms
  4 goblins
  3 hobgoblins
  6 jackals
  3 quokkas
  7 ball pythons
  9 bats
  2 frilled lizards
  2 kobolds
  5 rats
58 creatures vanquished.

Notes
Turn   | Place    | Note
-------+----------+-------------------------------------------
     0 | D:1      | DrunkBamboolord the Naga Fighter began the quest for the
                  | Orb.
     0 | D:1      | Reached XP level 1. HP: 21/21 MP: 1/1
   398 | D:1      | Reached XP level 2. HP: 28/28 MP: 2/2
   809 | D:1      | Reached XP level 3. HP: 33/34 MP: 3/3
  1020 | D:2      | Found a faded altar of an unknown god.
  1350 | D:1      | Reached XP level 4. HP: 9/42 MP: 4/4
  2480 | D:3      | Found a transporter.
  2481 | D:3      | Noticed joakim's ghost (amateur MiBe)
  2482 | D:3      | Found a transporter.
  2482 | D:3      | Identified the +6 great mace "Goblin's Foe" {vorpal, rN+
                  | Will+}
  2482 | D:3      | Noticed an ogre
  2486 | D:3      | Noticed Terence
  2502 | D:3      | Slain by Terence

Illustrated notes

Levels and vault maps discovered:
D:1:      minmay_arrival_stone_box, layout_basic
D:2:      layout_basic, nicolae_ecumenical_snake_handling,
          kennysheep_generic_room_14
D:3:      layout_basic, gammafunk_ghost_smash, uniq_crazy_yiuf_cottage,
          uniq_terence

Skill      XL: |  1  2  3 |
---------------+----------+-----
Armour         | 3 |  3.1
Polearms       | 3 |  3.5
Fighting       | |  3.5
Stealth        | |  0.4
Shields        | |  2.7

Action                   |  1- 3 |  4- 6 || total
-------------------------+-------+-------++-------
Melee: Trident           |   107 |    30 ||   137
 Abil: Spit Poison       |    21 |    14 ||    35
Armor: Scale mail        |    43 |     4 ||    47
Dodge: Dodged            |    48 |     6 ||    54
Block: Buckler           |    23 |     4 ||    27
